Reakly vs lattouf Epic match

Match 21139751
End
Engineer Squad
Engineer Squad
Selects Armored Battlegroup
Selects Assault Engineers
Assault Engineer Squad
Assault Engineer Squad
Mechanized Support Center
Construct Weapon Support Center
Selects Fast Deploy
M16 Multiple Gun Motor Carriage
Assault Engineer Squad
Assault Engineer Squad
Construct Medical Station
M1919 Machine Gun Team
Selects Field Repairs
Construct Tank Depot
M3 75 mm Gun Motor Carriage
M3 75 mm Gun Motor Carriage
M3 75 mm Gun Motor Carriage
Selects War Machine
Selects Seek and Destroy
Assault Engineer Squad
Construct Tank Depot
Selects UNKNOWN (2160077)
M4A3E8 Sherman Easy Eight
Assault Engineer Squad
Field Repairs
Bazooka Squad
Bazooka Squad
Field Repairs
M4(105) Sherman Bulldozer
Bazooka Squad
Designate Forward Repair Station
M4A3E8 Sherman Easy Eight
Seek and Destroy
lattouf
Reakly
0
0

Comments sign in to comment!

No comments posted yet!